 Dungeon Crawl Stone Soup version 0.24-a0-584-g9d6b971ae4 (webtiles) character file.

Game seed: 14865176986043290224, levelgen mode: deterministic

30 Gynju the Magician (level 3, 0/19 HPs)
             Began as a Deep Elf Wizard on Sept 4, 2019.
             Slain by Terence
             ... wielding a +1 falchion of slicing
              (1 damage)
             ... on level 1 of the Dungeon.
             The game lasted 00:04:26 (1689 turns).

Gynju the Magician (Deep Elf Wizard)                Turns: 1689, Time: 00:04:27

Health: 0/19       AC:  4    Str:  4    XL:     3   Next: 3%
Magic:  6/11       EV: 11    Int: 23    God:
Gold:   85         SH:  0    Dex: 13    Spells: 7/12 levels left

rFire    . . .     SeeInvis .   m - +0 dagger
rCold    . . .     Gourm    .   (no shield)
rNeg     . . .     Faith    .   g - +0 leather armour
rPois    .         Spirit   .   b - +0 hat
rElec    .         Reflect  .   f - +0 cloak
rCorr    .         Harm     .   (no gloves)
MR       .....                  (no boots)
Stlth    ++........             (no amulet)
HPRegen  0.06/turn              e - ring of wizardry
MPRegen  0.12/turn              (no ring)

@: very slightly contaminated
A: no striking features
a: no special abilities


You were on level 1 of the Dungeon.
You were very hungry.

You visited 1 branch of the dungeon, and saw 2 of its levels.

You collected 85 gold pieces.

Inventory:

Hand Weapons
 m - a +0 dagger (weapon)
Armour
 a - a +0 robe
 b - a +0 hat (worn)
 f - a +0 cloak (worn)
 g - a +0 leather armour (worn)
Jewellery
 e - a ring of wizardry (left hand)
Scrolls
 c - 4 scrolls of identify {unknown}
 h - a scroll of teleportation {unknown}
 k - a scroll of noise {unknown}
Potions
 j - 2 potions of heal wounds {unknown}
 l - a potion of curing
Comestibles
 d - 2 rations


   Skills:
 - Level 2.4 Dodging
 - Level 2.4 Stealth
 + Level 5.2 Spellcasting
 + Level 2.4 Conjurations
 - Level 1.1 Summonings
 - Level 1.1 Translocations


You had 7 spell levels left.
You knew the following spells:

 Your Spells              Type           Power        Failure   Level  Hunger
a - Magic Dart            Conj           ###.         2%          1    None
b - Blink                 Tloc           N/A          6%          2    None
c - Call Imp              Summ           ##......     6%          2    None

Your spell library contained the following spells:

 Spells                   Type           Power        Failure   Level  Hunger
 Slow                     Hex            #.......     11%         2    None
 Conjure Flame            Conj/Fire      ##......     12%         3    ##.....
 Mephitic Cloud           Conj/Pois/Air  #.......     14%         3    ##.....


Dungeon Overview and Level Annotations

Branches:
Dungeon (2/15)

Altars:

Annotations:
D:1 Terence


Message History

Terence is severely wounded.
Your white imp hits Terence but does no damage.
Casting: Magic Dart (safe; 2% risk of failure)
Confirm with . or Enter, or press ? or * to list all spells.
Aiming: Magic Dart (safe; 2% risk of failure)
Press: ? - help, Shift-Dir - straight line, f/p - Terence
Aim: Terence, wielding a +1 falchion of slicing and wearing a +3 chain mail of magic resistance (severely wounded)
The magic dart hits Terence but does no damage.
Terence is severely wounded.
Your white imp hits Terence but does no damage.
Casting: Magic Dart (safe; 2% risk of failure)
Confirm with . or Enter, or press ? or * to list all spells.
Aiming: Magic Dart (safe; 2% risk of failure)
Press: ? - help, Shift-Dir - straight line, f/p - Terence
Aim: Terence, wielding a +1 falchion of slicing and wearing a +3 chain mail of magic resistance (severely wounded)
The magic dart hits Terence but does no damage.
Terence is severely wounded.
Terence hits you with a +1 falchion of slicing.
* * * LOW HITPOINT WARNING * * *
You die...

##.# ##.######...........
.#.###### #.....#........(....
........## ###.###...#.....#####.
##.####..# #...# ##..##..###...##
#..# ##.###.######.#...##.......
##.###..........##.#...#........
#...#................>#....⌠...
###...................#........
#......)...>@.......##.......
##.#.........@##.###..###...## ##
#..#........5.##.# #...#####.#
.###.##..........##.# #.#.#####..
.....#####.#####.##.# #.#..##....
#.#.## #.#####..#.# #.#..#.....
#.#.## ###..........# #.##.#....⌠
#.#..###....#####...###.##.#.....
#.##.....#### ##...##....##....


You could see Terence and a friendly white imp.

Vanquished Creatures
  An ooze (D:1)
  A worm (D:2)
  A ball python (D:2)
  3 giant cockroaches
  3 goblins
  A hobgoblin (D:1)
  A quokka (D:2)
  2 bats (D:2)
  2 frilled lizards (D:2)
  4 kobolds (D:1)
  5 rats
24 creatures vanquished.

Notes
Turn   | Place    | Note
-------+----------+-------------------------------------------
     0 | D:1      | Gynju the Deep Elf Wizard began the quest for the Orb.
     0 | D:1      | Reached XP level 1. HP: 10/10 MP: 7/7
   310 | D:1      | Reached XP level 2. HP: 15/15 MP: 6/9
   358 | D:1      | Learned a level 2 spell: Blink
   361 | D:1      | Learned a level 2 spell: Call Imp
   852 | D:2      | Reached skill level 5 in Spellcasting
  1147 | D:2      | Reached XP level 3. HP: 16/19 MP: 0/11
  1232 | D:2      | Noticed Terence
  1689 | D:1      | Slain by Terence

Levels and vault maps discovered:
D:1:      dpeg_arrival_three_same_balls, layout_rooms
D:2:      layout_rooms, minmay_heptomino_o4, uniq_terence

Skill      XL: |  1  2 |
---------------+-------+-----
Conjurations   | 2 |  2.4
Spellcasting   | 5 |  5.2
Dodging        | |  2.4
Stealth        | |  2.4
Summonings     | |  1.1
Translocations | |  1.1

Action                   || total
-------------------------++-------
Melee: Dagger            ||    13
 Cast: Magic Dart        ||    96
       Call Imp          ||     5
  Eat: Chunk             ||     1
Armor: Leather armour    ||     5
Dodge: Dodged            ||    31

Table legend:
 A = Non-vault XP
 B = Vault XP
 C = Vault XP percentage of total XP
 D = Non-vault monster count
 E = Vault monster count
 F = Vault count percentage of total count
                 A         B        C        D         E       F
            +---------+---------+-------+---------+---------+-------
      Total |      38 |       5 |  11.6 |      23 |       1 |   4.2
            +---------+---------+-------+---------+---------+-------
        D:1 |      21 |       0 |   0.0 |      11 |       0 |   0.0
        D:2 |      17 |       5 |  22.7 |      12 |       1 |   7.7
            +---------+---------+-------+---------+---------+-------
